 Dungeon Crawl Stone Soup version 0.28.0 (webtiles) character file.

Game seed: 6886338681417062863

501 Minsecho the Skirmisher (level 7, -1/74 HPs)
             Began as an Ogre Berserker on Feb 16, 2022.
             Was a Believer of Trog.
             Killed by divine providence
             ... invoked by an orc priest
              (11 damage)
             ... on level 4 of the Dungeon.
             The game lasted 00:06:21 (4802 turns).

Minsecho the Skirmisher (Ogre Berserker)            Turns: 4802, Time: 00:06:22

Health: -1/74      AC:  3    Str: 22    XL:     7   Next: 17%
Magic:  7/7        EV: 14    Int:  8    God:    Trog [**....]
Gold:   148        SH:  0    Dex: 10    Spells: 6/6 levels left

rFire   . . .      SeeInvis .   k - +0 flail
rCold   . . .      Faith    .   (no shield)
rNeg    . . .      Spirit   .   b - +0 animal skin
rPois   .          Reflect  .   (helmet restricted)
rElec   .          Harm     .   (no cloak)
rCorr   .          Rampage  .   (gloves unavailable)
Will    ++...                   (boots unavailable)
Stlth   ++........              (no amulet)
HPRegen 1.22/turn               f - +4 ring of evasion
MPRegen 0.10/turn               (no ring)

@: about to teleport, strong-willed, on berserk cooldown, regenerating, slowed,
very slow
A: large, unfitting armour, tough skin 1
a: Renounce Religion, Berserk, Trog's Hand


You were on level 4 of the Dungeon.
You worshipped Trog.
Trog was pleased with you.
You visited 1 branch of the dungeon, and saw 4 of its levels.

You collected 148 gold pieces.

Inventory:

Hand Weapons
 a - a +0 mace
 k - a +0 flail (weapon)
Armour
 b - a +0 animal skin (worn)
Jewellery
 f - a +4 ring of evasion (left hand)
 g - a ring of willpower
Scrolls
 c - a scroll of identify
 e - 2 scrolls of fog {unknown}
 h - a scroll of magic mapping
 j - a scroll of torment {unknown}
Potions
 d - a potion of brilliance
 i - a potion of mutation
 l - a potion of curing
 m - 2 potions of heal wounds
 o - a potion of might


   Skills:
 + Level 5.6 Fighting
 + Level 5.2 Maces & Flails
 + Level 4.4 Dodging
 + Level 1.5 Stealth


You had 6 spell levels left.
You didn't know any spells.
Your spell library contained the following spells:

 Spells                   Type           Power      Damage    Failure   Level
 Magic Dart               Conj           0%         1d3       41%         1
 Shock                    Conj/Air       0%         1d3       41%         1
 Slow                     Hex            0%         N/A       41%         1
 Call Imp                 Summ           0%         N/A       54%         2
 Ensorcelled Hibernation  Hex/Ice        0%         N/A       54%         2
 Confusing Touch          Hex            0%         N/A       78%         3
 Mephitic Cloud           Conj/Pois/Air  0%         N/A       78%         3
 Spider Form              Tmut/Pois      0%         N/A       78%         3
 Vampiric Draining        Necr           0%         2d6       78%         3
 Anguish                  Hex/Necr       0%         N/A       99%         4


Dungeon Overview and Level Annotations

Branches:
Dungeon (4/15)
 Temple: D:4-7

Altars:
Elyvilon


Innate Abilities, Weirdness & Mutations

You are too large for most types of armour.
You have tough skin. (AC +1)


Message History

Trog accepts your kill.
You are no longer berserk.
You are exhausted.
You feel yourself slow down.
The orc priest mumbles some strange prayers to Beogh against you.
Beogh smites you!
You aren't carrying any items that you can evoke.
Okay, then.
Your skin crawls.
You feel strong-willed.
The orc hits you from afar with a +0 trident. x2
The orc misses you.
You hit the orc.
The orc is heavily wounded.
The orc closely misses you. The worm bites you.
You hit the worm.
The worm is moderately wounded.
The orc hits you with a +0 trident! The worm bites you.
* * * LOW HITPOINT WARNING * * *
The orc barely misses you.
The orc priest looks braver for a moment.
You completely miss the worm.
The worm is moderately wounded.
The frilled lizard hisses.
The orc barely misses you. The orc priest barely misses you.
The worm bites you!
* * * LOW HITPOINT WARNING * * *
The orc hits you from afar with a +0 trident!
* * * LOW HITPOINT WARNING * * *
The orc barely misses you. The orc priest hits you with a +0 mace.
* * * LOW HITPOINT WARNING * * *
As you read the scroll of teleportation, it crumbles to dust.
You feel strangely unstable. The orc barely misses you.
The orc priest misses you.
You hit the orc priest.
The orc priest is moderately wounded.
The orc barely misses you.
The orc priest mumbles some strange prayers to Beogh against you.
Beogh smites you!
You die...

##### .(..# ....# ....###
### ....... ..###
###....# ....##
#@.....### .....##
##oo...#bl
.#....###########w....###
.###..........:w))....# #
.###...######........#..#
.....#....###.##.........
..####.##.##.............
#.# #.##o....###........
.# #.§§)..§............


You could see a worm, an orc priest, an orc and a bat.

Vanquished Creatures
  Duvessa (D:4)
  A phantom (D:4)
  Blork the orc (D:4)
  Dowan (D:4)
  A jelly (D:4)
  An iguana (D:4)
  A hound skeleton (D:4)
  Robin (D:2)
  A howler monkey skeleton (D:4)
  3 adders
  An ufetubus (D:4)
  5 dart slugs
  3 orcs
  5 ball pythons
  5 endoplasms
  3 giant cockroaches
  13 goblins
  8 hobgoblins
  4 quokkas
  2 bats (D:1)
  5 frilled lizards
  3 kobolds
  5 rats
74 creatures vanquished.

Vanquished Creatures (others)
  5 fungi (D:4)
5 creatures vanquished.

Grand Total: 79 creatures vanquished

Notes
Turn   | Place    | Note
-------+----------+-------------------------------------------
     0 | D:1      | Minsecho the Ogre Berserker began the quest for the Orb.
     0 | D:1      | Reached XP level 1. HP: 24/24 MP: 1/1
   168 | D:1      | Reached XP level 2. HP: 15/32 MP: 2/2
  1356 | D:2      | Reached XP level 3. HP: 40/40 MP: 3/3
  1447 | D:2      | Noticed Robin
  1788 | D:2      | Reached ** piety under Trog
  1860 | D:2      | Found a faded altar of an unknown god.
  1865 | D:2      | Got Plato's Grimoire of Conjuration
  1945 | D:2      | Killed Robin
  1950 | D:2      | Reached XP level 4. HP: 45/49 MP: 4/4
  2796 | D:3      | Found a white marble altar of Elyvilon.
  3755 | D:4      | Noticed Duvessa
  3755 | D:4      | Noticed Dowan
  3763 | D:4      | Killed Duvessa
  3764 | D:4      | Reached skill level 5 in Fighting
  3764 | D:4      | Reached skill level 1 in Stealth
  3764 | D:4      | Reached XP level 5. HP: 57/57 MP: 5/5
  3768 | D:4      | Killed Dowan
  3769 | D:4      | Reached XP level 6. HP: 66/66 MP: 6/6
  4227 | D:4      | Noticed Blork the orc
  4241 | D:4      | Killed Blork the orc
  4786 | D:4      | Reached skill level 5 in Maces & Flails
  4786 | D:4      | Reached XP level 7. HP: 61/72 MP: 7/7
  4802 | D:4      | Killed from afar by an orc priest

Illustrated notes

Levels and vault maps discovered:
D:1:      sevenhm_arrival_forest_fort_large_2, layout_basic
D:2:      layout_loops_ring, shapermc_ecumenical_altar_rom_forum,
          item_on_display_a, uniq_robin
D:3:      layout_loops_ring, nicolae_elyvilon_peaceful_grove,
          serial_co_window_serial, co_window_corner_a, co_window_corner_a,
          co_window_cross_1, co_window_of_opportunity_a, co_window_paths_b,
          co_window_paths_c, co_window_paths_c, co_window_broadway_c,
          co_window_corner_cb, co_window_4corner_b, glass_columns_b,
          glass_columns_a, glass_columns_a
D:4:      layout_rooms, serial_aquarium, aquarium_bridge_long_separate
          [aquarium_subvault_wall, aquarium_subvault_window,
          aquarium_subvault_bridge, aquarium_subvault_wall,
          aquarium_subvault_bridge, aquarium_subvault_window],
          aquarium_bridge_square [aquarium_subvault_window,
          aquarium_subvault_window, aquarium_subvault_bridge,
          aquarium_subvault_balcony], aquarium_window_2, aquarium_window_fake,
          aquarium_window_1, aquarium_window_fake, aquarium_view_2a,
          aquarium_view_2f, aquarium_balcony_5b, uniq_duvessa,
          uniq_blork_the_orc, uniq_pikel, uniq_natasha

Skill      XL: |  1  2  3  4  5  6 |
---------------+-------------------+-----
Dodging        | 3 4 |  4.4
Maces & Flails | 3 4 5 |  5.2
Fighting       | 5 |  5.6
Stealth        | 1 |  1.5

Action                   |  1- 3 |  4- 6 |  7- 9 || total
-------------------------+-------+-------+-------++-------
Melee: Mace              |   116 |    30 |       ||   146
       Punch             |     1 |     1 |       ||     2
       Flail             |       |   122 |    10 ||   132
Invok: Berserk           |     1 |     3 |       ||     4
       Trog's Hand       |       |     1 |     1 ||     2
  Use: Potion            |     3 |       |       ||     3
       Scroll            |     2 |     2 |     1 ||     5
 Stab: Sleeping          |     1 |     2 |       ||     3
Armor: Animal skin       |    45 |    30 |     1 ||    76
Dodge: Dodged            |    97 |   143 |    10 ||   250
